 Dungeon Crawl Stone Soup version 0.26.1-11-gd32895ea62 (webtiles) character file.

Game seed: 15428800556986976973

7 Descartes the Grasshopper (level 1, 0/10 HPs)
             Began as a Spriggan Warper on May 7, 2021.
             Slain by an ooze (4 damage)
             ... on level 1 of the Dungeon.
             The game lasted 00:00:32 (317 turns).

Descartes the Grasshopper (Spriggan Warper)          Turns: 317, Time: 00:00:33

Health: 0/10       AC:  2    Str:  7    XL:     1   Next: 83%
Magic:  5/5        EV: 18    Int: 14    God:
Gold:   75         SH:  0    Dex: 15    Spells: 5/5 levels left

rFire    . . .     SeeInvis +   a - +0 short sword
rCold    . . .     Faith    .   (shield restricted)
rNeg     . . .     Spirit   .   b - +0 robe
rPois    .         Reflect  .   (helmet restricted)
rElec    .         Harm     .   (no cloak)
rCorr    .         Rampage  .   (gloves unavailable)
Will     .....                  (boots unavailable)
Stlth    ++........             (no amulet)
HPRegen  0.03/turn              (no ring)
MPRegen  0.09/turn              (no ring)

@: very quick
A: very small, unfitting armour, see invisible, speed 3
a: no special abilities


You were on level 1 of the Dungeon.
You visited 1 branch of the dungeon, and saw 1 of its levels.

You collected 75 gold pieces.

Inventory:

Hand Weapons
 a - a +0 short sword (weapon)
Missiles
 e - 5 boomerangs of dispersal (quivered)
 g - 19 arrows
Armour
 b - a +0 robe (worn)
Scrolls
 c - a scroll of identify {unknown}
 d - a scroll of blinking
Potions
 f - a potion of attraction {unknown}


   Skills:
 - Level 1.5 Fighting
 - Level 2.1 Short Blades
 - Level 1.0 Throwing
 - Level 3.5 Dodging
 + Level 2.5 Stealth
 - Level 2.6 Spellcasting
 - Level 4.4 Translocations


You had 5 spell levels left.
You didn't know any spells.
Your spell library contained the following spells:

 Spells                   Type           Power        Failure   Level
 Blink                    Tloc           N/A          5%          2
 Gell's Gravitas          Tloc           7%           11%         3
 Lesser Beckoning         Tloc           7%           11%         3
 Teleport Other           Tloc           14%          11%         3
 Passage of Golubria      Tloc           N/A          36%         4


Dungeon Overview and Level Annotations

Branches:
Dungeon (1/15)

Altars:


Innate Abilities, Weirdness & Mutations

You are very small and have problems with some larger weapons.
You are too small for most types of armour.
You have supernaturally acute eyesight. (SInv)
You cover ground extremely quickly.


Message History

You are too injured to fight recklessly!
You are too injured to fight recklessly!
You are too injured to fight recklessly!
You are too injured to fight recklessly!
You are too injured to fight recklessly!
You are too injured to fight recklessly!
You are too injured to fight recklessly!
You are too injured to fight recklessly!
You are too injured to fight recklessly!
You are too injured to fight recklessly!
The bat hits you but does no damage. The ooze barely misses you.
Unknown command.
You hit the ooze.
The ooze is moderately wounded.
The bat misses you. The ooze completely misses you.
You hit the ooze.
The ooze is moderately wounded.
The bat hits you but does no damage. The frilled lizard closely misses you.
The ooze hits you.
You die...

....##...≈≈#≈≈#....
...#####.≈≈#≈≈.....
...#.....≈≈#≈≈...# .
...#.....≈≈≈≈≈...# ..
...#.....≈###≈...# ...
...+.....≈≈≈≈≈...+ ....
...#####.........###.....
..................†b.....
................@l.......
.........######.J........
.........# .............
...>.....#...............
....#...##......#######..
....#... #......# .
#####... #......#
........
########################
........
###...................


You could see an ooze, a bat and a frilled lizard.

Vanquished Creatures
  A ball python (D:1)
  A bat (D:1)
  A hobgoblin (D:1)
  A frilled lizard (D:1)
  3 rats (D:1)
7 creatures vanquished.

Notes
Turn   | Place    | Note
-------+----------+-------------------------------------------
     0 | D:1      | Descartes the Spriggan Warper began the quest for the Orb.
     0 | D:1      | Reached XP level 1. HP: 10/10 MP: 5/5
   170 | D:1      | Reached skill level 1 in Stealth
   317 | D:1      | Slain by an ooze

Illustrated notes

Levels and vault maps discovered:
D:1:      dpeg_arrival_chambers_temple_mockup, layout_basic,
          chequers_serial_rivers_small_b, dk_noncrumbling_2, serial_park_tiny_2,
          minmay_crystal_water

Skill      XL: |  1 |
---------------+----+-----
Stealth        | 2 |  2.5
Fighting       | |  1.5
Short Blades   | |  2.1
Throwing       | |  1.0
Dodging        | |  3.5
Spellcasting   | |  2.6
Translocations | |  4.4

Action                   || total
-------------------------++-------
Melee: Short sword       ||    23
Armor: Robe              ||     3
Dodge: Dodged            ||    22
